Map: Blueshift LE

Players

liquidthermy (uThermal) - Winner!

  • Race: Terran Terran
  • League: Master
  • Spawn Location: 7:00

Special

  • Race: Terran Terran
  • League: Master
  • Spawn Location: 1:00

Event: IEM Season 13 - Katowice Server Qualifiers Europe

VOD

Have the link to the VOD?

Description

Time

  • Played on: Jan. 8, 2019, 10:42 a.m.
  • Length: 4:22

All games in this series

Show
View Real Time Build Order
Export as new Build Order

liquidthermy Terran - Winner!

Build Orders:  

Get SALT Encoding   

  12  0:01  SCV  
  13  0:14  Supply Depot  
  13  0:20  SCV  
  14  0:38  Barracks  
  14  0:41  Refinery  
  14  0:55  Barracks  
  14  0:59  SCV  
  16  1:11  SCV  
  16  1:16  Refinery  
  16  1:23  SCV  
  16  1:25  Reaper  
  18  1:42  Reaper  
  18  1:45  Orbital Command  
  19  1:57  Reaper  
  20  2:04  Supply Depot  
  19  2:16  Reaper  
  19  2:29  Factory  
  19  2:32  Reaper  
  19  2:36  SCV  
  21  2:53  Reaper  
  21  2:56  SCV  
  23  3:04  Reaper  
  24  3:08  SCV  
  24  3:13  Factory Tech Lab  
  23  3:20  SCV  
  23  3:25  Reaper  
  25  3:28  Supply Depot  
  25  3:33  SCV, Cyclone  
  29  3:45  SCV  
  29  3:57  SCV  
  25  4:09  SCV  
Show
View Real Time Build Order
Export as new Build Order

Special Terran 

Build Orders: 1/1/1, Liberator Opening 

Get SALT Encoding   

  12  0:01  SCV  
  13  0:13  SCV  
  14  0:17  Supply Depot  
  14  0:25  SCV  
  14  0:28  Refinery  
  15  0:38  SCV  
  16  0:44  Barracks  
  16  0:51  SCV  
  16  0:55  Refinery  
  17  1:03  SCV  
  18  1:15  SCV  
  19  1:32  Reaper  
  21  1:34  Factory  
  21  1:36  Orbital Command  
  20  1:44  Supply Depot  
  20  2:02  SCV  
  20  2:04  Marine  
  22  2:14  SCV  
  23  2:18  Hellion  
  23  2:21  Marine, Starport  
  26  2:27  SCV  
  26  2:34  Supply Depot  
  26  2:39  SCV  
  26  2:41  Marine  
  26  2:44  Liberator, Hellion  
  30  2:54  SCV  
  31  2:58  Marine  
  30  3:16  Marine  
  31  3:21  SCV  
  31  3:23  Hellion  
  34  3:34  Marine  
  30  3:43  SCV  
  30  3:44  Hellion  
  32  3:55  Marine  
  30  3:58  SCV  

Tags
 
Add a new tag
Caveats
  • Supply blocks, unpowered buildings, or Contaminate may cause inaccurate times.
  • Supply counts are checked every 10 seconds.